 Dungeon Crawl Stone Soup version 0.31-a0-826-ga5cc291a1b (webtiles) character file.

Game seed: 8545634338403515583

889 qw the Skirmisher (level 8, -5/49 HPs)
             Began as a Gargoyle Hunter on Sept 23, 2023.
             Was an Initiate of Okawaru.
             Slain by an orc warrior
             ... wielding a +0 halberd
              (13 damage)
             ... on level 5 of the Dungeon.
             The game lasted 00:01:54 (4449 turns).

qw the Skirmisher (Gargoyle Hunter)                 Turns: 4449, Time: 00:01:55

Health: -5/49      AC: 10    Str: 14 (16) XL:     8   Next: 6%
Magic:  8/8        EV: 10    Int:  9      God:    Okawaru [......]
Gold:   300        SH:  0    Dex: 13 (15) Spells: 7/7 levels left

rFire   . . .        Y - +0 shortbow
rCold   . . .        (shield currently unavailable)
rNeg    + . .        d - +0 ring mail
rPois   inf          (no helmet)
rElec   +            (no cloak)
rCorr   .            (no gloves)
SInv    .            (no boots)
Will    .....        (no amulet)
Stlth   +            (no ring)
HPRegen 0.28/turn    (no ring)
MPRegen 0.11/turn

%: no passive effects
@: about to teleport
A: sickness immunity, AC +5, negative energy resistance 1, electricity
resistance, torment resistance 1, petrification resistance
a: Renounce Religion


You were on level 5 of the Dungeon.
You worshipped Okawaru.
Okawaru was noncommittal.
You visited 2 branches of the dungeon, and saw 7 of its levels.
You also visited: Sewer.

You collected 300 gold pieces.


Innate Abilities, Weirdness & Mutations

You are immune to sickness and miasma.
Your stone body is resilient. (AC +5)
You are immune to poison.
You resist negative energy. (rN+)
You are resistant to electric shocks. (rElec)
You are resistant to unholy torment.
You are immune to petrification.


   Skills:
 - Level 5.0 Fighting
 + Level 8.7 Ranged Weapons
 - Level 1.0 Armour
 - Level 1.5 Dodging
 - Level 1.1 Stealth


You had 7 spell levels left.
You didn't know any spells.
Your spell library was empty.

Inventory:

Hand Weapons
 Y - a +0 shortbow (weapon)
Armour
 d - a +0 ring mail (worn)
Scrolls
 a - a scroll of identify
 e - a scroll of teleportation
Potions
 g - a potion of magic
 j - a potion of enlightenment {unknown}
 l - a potion of ambrosia {unknown}

Dungeon Overview and Level Annotations

Branches:
Dungeon (6/15)             Temple (1/1) D:4           Sewer (visited)

Altars:
Ashenzari
Cheibriados
Dithmenos
Elyvilon
Fedhas
Kikubaaqudgha
Makhleb
Nemelex Xobeh
Okawaru
Qazlal
Ru
Sif Muna
Trog
Uskayaw
Vehumet
Wu Jian
Xom

Shops:
D:5 :


Message History

The howler monkey hoots and howls with incredible vigour!
The orc priest calls upon Beogh to heal the orc.
The orc's wounds heal themselves!
You hear a shout!
You hear an angry hiss.
You hear a bark! x2
You hear a shout!
You climb upwards.
There is a stone staircase leading down here.
You shoot an arrow. The arrow hits the howler monkey!
The howler monkey is severely wounded.
The howler monkey hits you but does no damage.
You shoot an arrow. The arrow hits the howler monkey.
You kill the howler monkey!
Okawaru accepts your kill.
Partly explored, can't reach some places.
What level of the Dungeon? (default 6, ? - help)
You climb downwards.
The orc priest shouts!
The orc warrior hits you with a +0 halberd.
An orc comes into view. It is wielding a +0 club.
There is a stone staircase leading up here.
4444 ||| STAIRDANCE The orc warrior hits you with a +0 halberd!
You climb upwards.
There is a stone staircase leading down here.
You shoot an arrow. The arrow hits the orc warrior.
The orc warrior is lightly wounded.
The orc warrior hits you but does no damage.
The orc warrior closely misses you.
You shoot an arrow. The arrow hits the orc warrior.
The orc warrior is lightly wounded.
The orc warrior hits you with a +0 halberd!
You shoot an arrow.
The arrow hits the orc warrior but does no damage.
The orc warrior is lightly wounded.
The orc warrior hits you with a +0 halberd!
4449 ||| READING 2 scrolls of teleportation.
As you read the scroll of teleportation, it crumbles to dust.
You feel strangely unstable.
The orc warrior hits you with a +0 halberd!
You die...

#.........##..
#####..##.##..
####.....##.. ###
#..#..##.###! #.#
#............
#.###..........#.
#.#............#.
######.###.....##.....
#....@o........<......
##########..#...#.....
#............
#.##..#......
#####.....#...#..
#.........######.
#####...........#
#.########### #.# #


You could see an orc warrior.

Vanquished Creatures
  Eustachio (D:4)
  Menkaure (D:4)
  3 kobold brigands (Sewer)
  2 howler monkeys
  A hound (D:5)
  An iguana (D:5)
  A sleepcap (D:5)
  Ijyb (D:4)
  12 adders
  4 river rats
  A dart slug (D:4)
  6 orcs
  5 endoplasms
  5 giant cockroaches
  2 goblins (D:1)
  9 hobgoblins
  4 jackals (Sewer)
  9 kobolds
  2 quokkas
  14 ball pythons
  A bat (D:1)
  7 frilled lizards
  7 rats
  A spectral goblin (D:1)
100 creatures vanquished.

Notes
Turn   | Place    | Note
-------+----------+-------------------------------------------
     0 | D:1      | qw the Gargoyle Hunter began the quest for the Orb.
     0 | D:1      | Reached XP level 1. HP: 12/12 MP: 1/1
     0 | D:1      | 0 ||| qw: Version: 0.3-a-83-gcd0e7d8
     0 | D:1      | 0 ||| qw: Game counter: 1870
     0 | D:1      | 0 ||| qw: Melee chars always use a shield: true
     0 | D:1      | 0 ||| qw: God list: Okawaru
     0 | D:1      | 0 ||| qw: Allow faded altars: false
     0 | D:1      | 0 ||| qw: Do Orc after clearing Dungeon:15 true
     0 | D:1      | 0 ||| qw: Do second Lair branch before Depths: true
     0 | D:1      | 0 ||| qw: Lair rune preference: random
     0 | D:1      | 0 ||| qw: Goals: Normal
     0 | D:1      | 0 ||| PLANNING D:1-11
    50 | D:1      | Reached XP level 2. HP: 17/17 MP: 2/2
   212 | D:1      | Reached XP level 3. HP: 21/21 MP: 3/3
   292 | D:1      | 292 ||| Stepping ~*~*~tactically~*~*~ (water).
   295 | D:1      | Reached skill level 5 in Ranged Weapons
   303 | D:1      | Found a faded altar of an unknown god.
   495 | D:1      | 495 ||| UPGRADING to +0 ring mail.
   505 | D:1      | 505 ||| DROPPING +0 leather armour.
   506 | D:1      | 506 ||| READING 2 scrolls labelled HYBROMN ORIA.
   507 | D:1      | 507 ||| READING scroll labelled FOOKHIMARO.
   508 | D:1      | 508 ||| DRINKING 3 coppery potions.
   509 | D:1      | 509 ||| DROPPING scroll of butterflies.
   600 | D:2      | Reached skill level 1 in Armour
  1131 | D:2      | 1131 ||| READING scroll labelled REFEWU GARCHA.
  1135 | D:2      | 1135 ||| READING scroll labelled HOUGRO MEIFYKA.
  1179 | D:3      | 1179 ||| PLANNING SEWER
  1184 | D:3      | Reached skill level 3 in Fighting
  1184 | D:3      | Reached XP level 4. HP: 24/28 MP: 4/4
  1184 | D:3      | 1184 ||| STAIRDANCE
  1405 | D:3      | Reached XP level 5. HP: 31/32 MP: 5/5
  1412 | D:3      | Found a glowing drain.
  1414 | D:3      | 1414 ||| READING 2 scrolls labelled ELI PISAENA.
  1415 | D:3      | 1415 ||| DROPPING scroll of immolation.
  1424 | Sewer    | Entered a sewer
  1522 | Sewer    | Reached skill level 6 in Ranged Weapons
  1608 | Sewer    | Noticed a kobold brigand
  1609 | Sewer    | 1609 ||| Stepping ~*~*~tactically~*~*~ (water).
  1625 | Sewer    | Killed a kobold brigand
  1626 | Sewer    | Reached XP level 6. HP: 32/39 MP: 6/6
  1847 | Sewer    | 1847 ||| READING scroll labelled GAUMUF QOEGH.
  1848 | Sewer    | 1848 ||| READING scroll labelled WUQUWK RODGHEL.
  1849 | Sewer    | 1849 ||| READING scroll labelled CYNLUF CAAQ.
  1854 | Sewer    | 1854 ||| Stepping ~*~*~tactically~*~*~ (water).
  1858 | Sewer    | Reached skill level 7 in Ranged Weapons
  2087 | D:3      | 2087 ||| PLANNING D:1-11
  2641 | D:4      | Noticed Eustachio
  2647 | D:4      | 2647 ||| Stepping ~*~*~tactically~*~*~ (retreating).
  2648 | D:4      | 2648 ||| Stepping ~*~*~tactically~*~*~ (retreating).
  2657 | D:4      | Killed Eustachio
  2658 | D:4      | Reached XP level 7. HP: 13/44 MP: 7/7
  3044 | D:4      | Noticed Menkaure
  3049 | D:4      | Killed Menkaure
  3050 | D:4      | Reached skill level 8 in Ranged Weapons
  3188 | D:4      | Noticed Ijyb
  3195 | D:4      | 3195 ||| DRINKING 3 potions of curing.
  3195 | D:4      | 3195 ||| (to cure confusion)
  3196 | D:4      | 3196 ||| DRINKING 2 potions of curing.
  3196 | D:4      | 3196 ||| (to cure confusion)
  3201 | D:4      | 3201 ||| DRINKING potion of curing.
  3201 | D:4      | 3201 ||| (to cure confusion)
  3216 | D:4      | Killed Ijyb
  3321 | D:4      | Found a staircase to the Ecumenical Temple.
  3322 | D:4      | 3322 ||| PLANNING TEMPLE
  3322 | D:4      | 3322 ||| DRINKING 2 sapphire potions.
  3323 | D:4      | 3323 ||| DRINKING 3 orange potions.
  3324 | D:4      | 3324 ||| READING 4 scrolls of identify.
  3324 | D:4      | 3324 ||| IDENTIFYING yellow potion
  3325 | D:4      | 3325 ||| READING 3 scrolls of identify.
  3325 | D:4      | 3325 ||| IDENTIFYING fuming coppery potion
  3326 | D:4      | 3326 ||| READING 2 scrolls of identify.
  3326 | D:4      | 3326 ||| IDENTIFYING ruby potion
  3327 | D:4      | 3327 ||| DROPPING potion of magic.
  3328 | D:4      | 3328 ||| DROPPING potion of attraction.
  3329 | D:4      | 3329 ||| DROPPING potion of invisibility.
  3330 | D:4      | 3330 ||| DROPPING potion of berserk rage.
  3331 | D:4      | 3331 ||| DROPPING 2 potions of degeneration.
  3337 | Temple   | Entered the Ecumenical Temple
  3338 | Temple   | 3338 ||| PLANNING OKAWARU WORSHIP
  3342 | Temple   | Became a worshipper of Warmaster Okawaru
  3343 | Temple   | 3343 ||| PLANNING D:1-11
  3680 | D:5      | Entered Level 5 of the Dungeon
  3745 | D:5      | Found a shadowy altar of Dithmenos.
  3745 | D:5      | Found an ornate altar of the Wu Jian Council.
  3746 | D:5      | Found a bloodstained altar of Trog.
  3781 | D:5      | Found a shimmering altar of Xom.
  3816 | D:5      | Found Etusoqa's Book Emporium.
  3960 | D:5      | 3960 ||| DROPPING +6 ring of intelligence.
  3961 | D:5      | 3961 ||| READING scroll labelled HUYCOLL JALAB.
  4009 | D:5      | Found a hide-covered altar of Uskayaw.
  4029 | D:5      | 4029 ||| Stepping ~*~*~tactically~*~*~ (water).
  4103 | D:5      | Found a white marble altar of Elyvilon.
  4250 | D:5      | Reached XP level 8. HP: 38/49 MP: 8/8
  4406 | D:5      | 4406 ||| DROPPING amulet of guardian spirit.
  4407 | D:5      | 4407 ||| READING scroll labelled SIFROFR TISOU.
  4408 | D:5      | 4408 ||| READING 2 scrolls of identify.
  4408 | D:5      | 4408 ||| IDENTIFYING emerald potion
  4409 | D:5      | 4409 ||| DROPPING potion of brilliance.
  4431 | D:6      | 4431 ||| RETREEAATING.
  4434 | D:6      | 4434 ||| Stepping ~*~*~tactically~*~*~ (retreating).
  4437 | D:6      | 4437 ||| Stepping ~*~*~tactically~*~*~ (retreating).
  4438 | D:6      | 4438 ||| STAIRDANCE
  4444 | D:6      | 4444 ||| STAIRDANCE
  4448 | D:5      | HP: 7/49 [orc warrior/+0 halberd (14)]
  4449 | D:5      | 4449 ||| READING 2 scrolls of teleportation.
  4449 | D:5      | Slain by an orc warrior

Levels and vault maps discovered:
D:1:      saegor_arrival_simple_d, layout_rooms,
          dreamdust_ecumenical_altar_drowned_temple, st_stairs_10
D:2:      layout_basic
D:3:      layout_basic, portal_sewer_entry_a
D:4:      layout_loops_corners, minmay_temple_entry_enclosed_plants,
          uniq_menkaure, uniq_ijyb, uniq_eustachio
D:5:      layout_basic, elyvilon_altar_1, nicolae_overflow_quartered_altars,
          mainiacjoe_overflow_small_starburst, serial_shops,
          nicolae_shop_hallway_stairs, serial_bayou_lake_a
D:6:      layout_rooms, uniq_blork_the_orc, uniq_crazy_yiuf_cottage
Temple:   minmay_freezing_vapour_temple

Skill      XL: |  1  2  3  4  5  6  7 |
---------------+----------------------+-----
Ranged Weapons | 5 6 7 8 |  8.7
Armour         | 1 |  1.0
Fighting       | 3 4 5 |  5.0
Dodging        | |  1.5
Stealth        | |  1.1

Action                     |  1- 3 |  4- 6 |  7- 9 || total
---------------------------+-------+-------+-------++-------
   Fire: Shortbow          |   132 |   182 |   153 ||   467
    Use: Scroll            |     4 |     4 |     7 ||    15
         Potion            |     1 |       |     5 ||     6
 Armour: Leather armour    |    16 |       |       ||    16
         Ring mail         |    13 |    55 |    81 ||   149
  Dodge: Dodged            |    41 |    61 |    63 ||   165

Table legend:
 A = Non-vault XP
 B = Vault XP
 C = Vault XP percentage of total XP
 D = Non-vault monster count
 E = Vault monster count
 F = Vault count percentage of total count
                 A         B        C        D         E       F
            +---------+---------+-------+---------+---------+-------
      Total |     423 |     847 |  66.7 |      62 |      38 |  38.0
            +---------+---------+-------+---------+---------+-------
        D:1 |      41 |       5 |  10.9 |      25 |       4 |  13.8
        D:2 |      35 |       0 |   0.0 |       8 |       0 |   0.0
        D:3 |      83 |      16 |  16.2 |       8 |       3 |  27.3
        D:4 |      36 |     415 |  92.0 |      12 |       3 |  20.0
        D:5 |     228 |       0 |   0.0 |       9 |       0 |   0.0
      Sewer |       0 |     411 | 100.0 |       0 |      28 | 100.0
            +---------+---------+-------+---------+---------+-------
